 Dungeon Crawl Stone Soup version 0.7.0-a0-2353-g75ceadf character file.

1916096 BirdoPrey the Demonspawn of Death (level 26, 237/237 HPs)
             Began as a Demonspawn Necromancer on June 11, 2010.
             Was the Champion of Kikubaaqudgha.
             Escaped with the Orb
             ... and 4 runes (of 4 types) on June 12, 2010!
             The game lasted 07:37:46 (95811 turns).

BirdoPrey the Demonspawn of Death (DSNe)           Turns: 95811, Time: 07:37:46

HP 237/237       AC 18     Str 15 Exp: 26/1214197 (5), need: 142602
MP  43/43        EV 19     Int 22      God: Kikubaaqudgha [******]
Gold 14967       SH 14     Dex  9 (10) Spells: 14 memorised,  6 levels left

Res.Fire  : + + +   See Invis. : .   V - +7,+9 demon whip (pain)
Res.Cold  : + + .   Warding    : .   f - +5 elf robe {rC+ rF+}
Life Prot.: . . .   Conserve   : +   h - -2 elf buckler
Res.Poison: .       Res.Corr.  : .   D - -1 wizard hat {Int+3}
Res.Elec. : .       Clarity    : .   L - +1 cloak of Virtue {rF++ rC+ Dex-1} Spirit.Shd: .
                                     (gloves currently unavailable)
Sust.Abil.: . .     Rnd.Telep. : .   A - +0 pair of boots
Res.Mut.  : .       Ctrl.Telep.: .   P - amulet of conservation
Res.Rott. : .       Levitation : .   B - +4,+2 ring of slaying
Saprovore : . . .   Ctrl.Flight: .   j - ring of regeneration

@: slightly glowing, very resistant to hostile enchantments, stealthy
A: claws 3, blurry vision 1, breathe flames 3, deformed body 1, demonic guardian
3, deterioration 2, +30% hp, spiny 3, AC +10, Str -1, Int -1, Dex -4
a: Receive Corpses, Renounce Religion, Breathe Fire


You escaped.
You worshipped Kikubaaqudgha.
Kikubaaqudgha was exalted by your worship.
You were not hungry.

You visited 10 branches of the dungeon, and saw 71 of its levels.
You visited 1 Labyrinth.
You visited 1 bazaar.
You visited 2 portal chambers: ossuary, trove.

You collected 18359 gold pieces.
You spent 1917 gold pieces at shops.
You used 1495 gold pieces for miscellaneous purposes.

Inventory:

Hand weapons
 a - the +1,+5 morningstar "Feoziam" {venom, +Inv rN+ MR}
   (You found it on level 24 of the Dungeon)

   It poisons the flesh of those it strikes.
   It protects you from negative energy.
   It increases your resistance to enchantments.
   It lets you turn invisible.
 V - a +7,+9 demon whip of pain (weapon)
Armour
 f - a +5 elven robe of resistance (worn)
 h - a -2 elven buckler (worn)
 A - a +0 pair of boots (worn)
 D - a -1 wizard hat of intelligence (worn)
 L - the +1 cloak of Virtue (worn) {rF++ rC+ Dex-1}
   (You bought it in a shop on level 10 of the Dungeon)

   It affects your dexterity (-1).
   It greatly protects you from fire.
   It protects you from cold.
Magical devices
 k - a wand of digging (2)
 F - a wand of teleportation (4)
 G - a wand of invisibility (2)
 J - a wand of cold (13)
 Q - a wand of fire (6)
Comestibles
 c - 4 bread rations
Scrolls
 b - 3 scrolls of identify
 m - a scroll of fog
 w - a scroll of teleportation
 y - 2 scrolls of fear
 C - 3 scrolls of remove curse
 I - 3 scrolls of blinking
 K - a scroll of detect curse
 O - a scroll of recharging
Jewellery
 d - an uncursed ring of wizardry
 g - an uncursed ring of life protection
 j - a ring of regeneration (left hand)
 p - the ring of Res Nullius {EV+6 Int+2}
   (You found it on level 8 of the Vaults)

   [ring of intelligence]

   It affects your intelligence (+2).
   It affects your evasion (+6).
 t - an uncursed ring of protection from magic
 v - an uncursed amulet of controlled flight
 B - a +4,+2 ring of slaying (right hand)
 M - an uncursed ring of sustenance
 P - an amulet of conservation (around neck)
 Y - an uncursed amulet of resist corrosion
 Z - the amulet of Cekugob {Ward -TELE Hunger rElec rPois rN+ AC+1 EV+1}
   (You found it on level 8 of the Vaults)

   [amulet of warding]

   It affects your AC (+1).
   It affects your evasion (+1).
   It insulates you from electricity.
   It protects you from poison.
   It protects you from negative energy.
   It prevents most forms of teleportation.
   It speeds your metabolism.
Potions
 i - a potion of might
 q - a potion of agility
 s - 7 potions of healing
 u - a potion of magic
 x - a potion of resistance
 E - 3 potions of restore abilities
 H - 2 potions of speed
 N - 5 potions of brilliance
 T - 7 potions of heal wounds
Books
 o - a book of Spatial Translocations

   Spells                             Type                      Level
   *Apportation                       Translocation                1
   Portal Projectile                  Translocation                2
   *Blink                             Translocation                2
   Recall                             Summoning/Translocation      3
   Teleport Other                     Translocation                4
   *Control Teleport                  Enchantment/Translocation    4
   Teleport Self                      Translocation                5
Orbs of Power
 n - the Orb of Zot
Miscellaneous
 e - a barnacled rune of Zot
 l - a golden rune of Zot
 S - a serpentine rune of Zot
 U - a silver rune of Zot You had 5 experience left.


   Skills:
 + Level 14 Fighting
 + Level 13 Maces & Flails
 - Level 3 Staves
 - Level 2 Armour
 + Level 18 Dodging
 - Level 5 Stealth
 - Level 4 Stabbing
 - Level 11 Shields
 + Level 8 Traps & Doors
 + Level 16 Spellcasting
 + Level 9 Enchantments
 * Level 27 Necromancy
 - Level 2 Translocations
 + Level 1 Air Magic
 + Level 3 Evocations


You had 6 spell levels left.
You knew the following spells:

 Your Spells              Type           Power        Success   Level
e - Blink                 Tloc           N/A          Excellent   2
l - Levitation            Air/Ench       ######....   Excellent   2
r - Regeneration          Ench/Necr      #######...   Perfect     3
s - Sublimation of Blood  Necr           ########..   Perfect     2
u - Dispel Undead         Necr           ########.    Perfect     4
v - Vampiric Draining     Necr           ########..   Perfect     3
A - Agony                 Necr           ########.    Perfect     5
C - Control Undead        Ench/Necr      #######...   Excellent   6
H - Haste Ench            #######..      Very         Good        6
I - See Invisible         Ench           #######...   Excellent   4
P - Apportation           Tloc           #####.....   Excellent   1
R - Borgnjor's Revivific  Necr           ########..   Perfect     5
T - Control Teleport      Ench/Tloc      ######....   Excellent   4
Z - Selective Amnesia     Ench           N/A          Excellent   4

Dungeon Overview and Level Annotations

Branches:
Dungeon (27/27)            Temple (1/1) D:4             Orc (4/4) D:8
    Elf (0/7) Orc:4          Lair (8/8) D:10         Shoals (5/5) Lair:6
  Slime (0/6) Lair:6        Snake (5/5) Lair:6         Hive (0/2) D:15
  Vault (8/8) D:16          Blade (0/1) Vault:6       Crypt (5/5) Vault:2
   Tomb (3/3) Crypt:3         Zot (5/5) D:27

Altars:
Cheibriados
Elyvilon
Fedhas
Kikubaaqudgha
Makhleb
Okawaru
The Shining One
Trog
Vehumet
Yredelemnul
Zin
Beogh
Jiyva

Shops:
D:5: ? D:10: [ D:24: ** Orc:1: [ Orc:3: * Shoals:1: ! Snake:1: [ Vault:2: * Vault:6: + Vault:7: * Vault:8: *

Portals:
Hell: D:21 D:22 D:23 D:24 D:25 D:26 D:27
Abyss: D:23 D:25 D:26
Pan: D:22 D:24 D:26

Annotations
D:25 exclusion: 16 flame clouds
Lair:7 exclusion: 4 oklob plants
Snake:3 exclusion: Roxanne


Innate Abilities, Weirdness & Mutations

You have claws for hands.
You are completely covered in rough black scales (AC +10, Dex -3).
You can breathe blasts of fire.
You are protected by a powerful demonic guardian.
You are extremely robust (+30% HP).
You are completely covered in sharp spines.
Your vision is a little blurry.
You are clumsy (Dex -1).
Armour fits poorly on your unusually shaped body.
Your body is deteriorating.
You are dopey (Int -1).
You are weak (Str -1).


Message History

Zapping:
k - a wand of digging (3)
Press: ? - help, Shift-Dir - straight line You hear a grinding noise.
This wand has 2 charges left.
There is a stone staircase leading up here.
Are you sure you want to leave the Dungeon?
You have escaped!

##.#.########...#############..#
#.#.##.######..# ########.##.##
#...###...########.#...##..#.##
#..##....~....~~.##~.#.....#.##
#.##..#....~.~~~.~....####.#.##
#.#..###..~~~~~.~~..~...####.##
##...##..~~~~~~.~~~~~~..#..##.##
..>......~~~~~~.~~~~~~~..####.##
##..###...~~~~<@<~~~~..##.###.##
#.####...~~~~.~.~~~~~~.##.##.##
#.##...~.~~~~~.~~~..~~..#..#.##
#.#.~~~~....~.~~~~~...~.##.....
#.##..~~~~...~~~~..##....#.#.##
#.###..~~(..........#..###.#.##
#..###...~.###.###.#(#.%####.##
##....####~##.).# #######...#.##
....#....######## ###########.##


There were no monsters in sight!

Vanquished Creatures
  Khufu (Crypt:2)
  2 orbs of fire
  An ancient lich (Vault:8)
  Boris (Vault:4)
  23 greater mummies
  An electric golem (Zot:2)
  Xtahua (Snake:4)
  2 golden dragons
  4 liches
  5 Orb Guardians (Zot:5)
  A quicksilver dragon (Vault:8)
  5 curse skulls
  A titan (Vault:8)
  Nikola (D:15)
  2 shadow dragons (Vault:8)
  A sphinx (Vault:8)
  Agnes (Orc:4)
  2 draconian monks
  10 storm dragons
  5 frost giants
  5 bone dragons
  An Executioner (D:18)
  4 draconian scorchers
  A quicksilver dragon zombie (Crypt:5)
  A draconian zealot (Zot:1)
  7 tentacled monstrosities
  2 purple draconians
  24 stone giants
  4 fire giants
  4 draconian annihilators
  A sphinx zombie (Vault:5)
  4 sphinx skeletons
  4 black draconians (Zot:1)
  4 pale draconians
  6 greater nagas (Snake:5)
  3 mottled draconians (Zot:1)
  Azrael (Vault:3)
  3 white draconians
  A titan zombie (Tomb:3)
  6 yellow draconians
  3 red draconians
  Snorg (Vault:3)
  A storm dragon zombie (Vault:1)
  18 vault guards (Vault:7)
  A dragon (shapeshifter) (Vault:8)
  A siren (Shoals:3)
  A minotaur (Lab)
  24 yaktaur captains
  2 vampire knights (Crypt:5)
  A dragon (Vault:2)
  19 mummy priests
  A storm dragon skeleton (D:19)
  3 ice dragons
  Polyphemus (Shoals:5)
  An anaconda (Snake:2)
  7 hydras
  5 death cobs
  An alligator snapping turtle (Shoals:5)
  A golden dragon skeleton (Crypt:5)
  8 ogre magi
  A deep elf demonologist (Vault:8)
  7 deep trolls
  A death yak (Lair:5)
  12 centaur warriors
  2 stone giant zombies
  5 stone giant skeletons
  2 iron dragon skeletons
  2 frost giant skeletons (Vault:8)
  9 very ugly things
  3 griffons
  2 fire giant skeletons
  2 deep elf knights
  2 iron trolls
  4 shadow wraiths
  3 soul eaters
  4 sea snakes
  A death drake (Zot:2)
  2 alligator snapping turtle zombies
  80 skeletal warriors
  A white draconian zombie (Crypt:5)
  10 naga warriors
  A mottled draconian zombie (Tomb:1)
  4 unseen horrors
  A purple draconian zombie (Tomb:1)
  11 orc knights
  2 hell knights (D:27)
  A white draconian skeleton (Crypt:1)
  A yellow draconian skeleton (Crypt:1)
  7 flaming corpses
  2 iron troll zombies
  A death yak skeleton (Crypt:3)
  A hydra zombie (D:16)
  A lindwurm (shapeshifter) (Vault:8)
  4 vampire magi
  14 harpies
  24 flayed ghosts
  10 guardian serpents
  Joseph (Lair:1)
  A sea snake skeleton (Crypt:1)
  A harpy zombie (Shoals:4)
  4 giant amoebae
  3 orc sorcerers
  A cyclops (shapeshifter) (Vault:8)
  2 crystal golems (Crypt:5)
  3 spiny worms
  15 hill giants
  A necromancer (D:16)
  3 iron troll skeletons
  A trapdoor spider (D:16)
  A fire giant simulacrum (Vault:4)
  20 spectral warriors
  2 harpy skeletons
  A griffon zombie (Crypt:5)
  9 cyclopes
  A guardian serpent zombie (Tomb:3)
  3 red wasps
  13 moths of wrath
  2 reapers
  A wolf spider zombie (Crypt:5)
  An ice dragon zombie (Crypt:5)
  Maurice (D:10)
  An elephant slug (Lair:6)
  A guardian serpent skeleton (Crypt:4)
  14 mimics
  2 spiny worm zombies
  2 orange demons
  2 wolf spiders
  An eye of devastation (D:15)
  53 slime creatures
  16 black mambas
  2 griffon skeletons
  5 hellwings
  6 naga magi
  2 ice dragon skeletons
  A queen ant zombie (Tomb:3)
  A tormentor (Tomb:3)
  46 yaktaurs
  A hill giant zombie (Tomb:1)
  Psyche (Orc:2)
  5 spiny frogs
  103 guardian mummies
  A giant toad skeleton (Crypt:5)
  10 rock trolls
  2 spriggan skeletons
  5 mermaids
  A spriggan zombie (Crypt:4)
  6 trolls
  5 komodo dragons
  90 ugly things
  A grizzly bear (shapeshifter) (D:20)
  A deep troll zombie (Vault:6)
  An ettin (D:16)
  2 giant snail zombies
  3 rock troll zombies
  3 redbacks
  A smoke demon (Tomb:3)
  6 deep troll skeletons
  2 komodo dragons (shapeshifter)
  9 giant toads
  12 snapping turtles
  3 rock troll skeletons
  A grizzly bear (Lair:2)
  17 two-headed ogres
  A brown ooze (shapeshifter) (Vault:6)
  A spiny frog skeleton (Crypt:1)
  10 blink frogs
  A spriggan simulacrum (Tomb:1)
  An elf (shapeshifter) (D:19)
  21 wraiths
  12 sharks
  A blink frog zombie (Crypt:2)
  A lindwurm zombie (Crypt:1)
  6 bumblebees (D:26)
  2 snapping turtle skeletons
  A hog (D:15)
  31 yaks
  A giant blowfly zombie (Crypt:5)
  A boring beetle (shapeshifter) (Vault:8)
  2 deep elf conjurers (D:24)
  2 fire elementals (Vault:3)
  4 wyverns
  Eustachio (Orc:2)
  13 hungry ghosts
  Grum (Orc:3)
  21 merfolk
  5 vipers
  A blink frog skeleton (Crypt:2)
  12 manticores
  A merfolk (shapeshifter) (Vault:8)
  A fire drake (Lair:8)
  A neqoxec (Vault:8)
  A rock worm (D:18)
  15 vampires
  8 hippogriffs
  6 deep elf fighters
  A komodo dragon zombie (Crypt:5)
  4 mottled dragons
  11 giant blowflies
  2 war dogs (Orc:3)
  A cyclops zombie (Tomb:1)
  A human skeleton (Crypt:2)
  5 ghouls
  A giant slug zombie (D:20)
  15 freezing wraiths
  A soldier ant (D:14)
  28 orc warriors
  14 necrophages
  3 yaktaur skeletons
  28 insubstantial wisps
  A hairy devil (Tomb:1)
  5 hell hounds
  5 phantoms
  5 giant goldfish
  2 cyclops skeletons
  A wyvern skeleton (Crypt:5)
  An ettin zombie (Crypt:4)
  A viper simulacrum (Tomb:3)
  A queen bee zombie (Crypt:5)
  2 beasts
  A boulder beetle (shapeshifter) (Vault:5)
  2 kobold demonologists (D:27)
  34 ogres
  A polar bear skeleton (Crypt:2)
  2 troll zombies
  An ettin skeleton (Tomb:1)
  A yellow wasp (Vault:4)
  A bear skeleton (Crypt:5)
  A red devil (Tomb:1)
  15 crocodiles
  A rock worm zombie (Crypt:2)
  2 centaurs (shapeshifter) (Vault:8)
  28 centaurs
  A boring beetle (Vault:8)
  A wolf zombie (Crypt:1)
  2 deep elf magi (D:24)
  30 nagas
  A troll skeleton (Crypt:1)
  4 gila monsters
  3 wargs
  A wolf skeleton (Tomb:1)
  3 brain worms
  9 giant slugs
  22 water moccasins
  11 human zombies
  A soldier ant zombie (Crypt:4)
  15 big kobolds
  A centaur skeleton (Crypt:5)
  A two-headed ogre zombie (Tomb:2)
  An earth elemental (Vault:6)
  5 giant snails
  Blork the orc (D:9)
  A small abomination (Vault:4)
  12 giant frogs
  A draconian skeleton (Crypt:4)
  3 bear simulacra (Lair:3)
  3 jellyfish (Snake:4)
  14 wights
  2 eyes of draining
  15 killer bees
  2 killer bee zombies (D:6)
  7 boulder beetles
  A crocodile zombie (Crypt:4)
  A gila monster zombie (Crypt:1)
  A mottled dragon zombie (Crypt:2)
  8 electric eels
  A big kobold zombie (D:8)
  4 giant beetles
  A mottled dragon skeleton (D:19)
  9 shadows
  A boulder beetle simulacrum (Vault:4)
  3 dwarf skeletons
  7 imps
  3 big kobold skeletons
  An ogre skeleton (Crypt:3)
  11 big fish
  3 scorpions
  A hound zombie (Tomb:1)
  11 hounds
  2 iron imps (Vault:8)
  5 giant ants
  A giant ant zombie (Crypt:2)
  A naga zombie (Crypt:5)
  2 hound skeletons
  9 iguanas
  17 orange rats
  25 orc priests
  23 orc wizards
  A giant ant (shapeshifter) (Vault:8)
  3 deep elf soldiers (D:24)
  5 hound simulacra (Lair:3)
  An ogre simulacrum (Tomb:3)
  A worm zombie (Crypt:1)
  16 sheep
  4 boggarts (Vault:1)
  7 jellies
  3 giant beetle zombies
  17 mummies
  36 flying skulls
  10 gnolls
  A sheep zombie (Crypt:5)
  26 snakes
  3 giant centipedes
  56 green rats
  A midge (Vault:8)
  2 snake zombies
  2 iguana skeletons (Crypt:2)
  3 white imps (Tomb:1)
  A giant centipede zombie (D:21)
  2 giant mites
  A sheep skeleton (Crypt:2)
  7 worms
  2 giant mosquitos (Vault:4)
  A shadow imp (Tomb:1)
  An ufetubus (Vault:8)
  2 sheep simulacra (Lair:3)
  50 grey rats
  3 giant eyeballs
  6 giant geckos
  A gnoll zombie (Port)
  2 oozes
  78 giant bats
  9 giant cockroaches
  12 hobgoblins
  18 jackals
  38 kobolds
  A kobold (shapeshifter) (Vault:8)
  166 orcs
  An orc (shapeshifter) (Vault:8)
  7 quokkas
  An ant larva zombie (Crypt:2)
  2 giant cockroach zombies (Crypt:5)
  A giant gecko zombie (D:14)
  6 giant newts
  A giant newt skeleton (Crypt:5)
  A giant spore (D:8)
  23 goblins
  3 goblin skeletons
  A grey rat zombie (Tomb:1)
  A hobgoblin skeleton (Crypt:1)
  A hobgoblin zombie (Port)
  A jackal zombie (Crypt:3)
  2 orc zombies
  A quokka simulacrum (Vault:5)
  A quokka skeleton (D:5)
  A quokka zombie (Crypt:5)
  37 rats
  A rat simulacrum (Lair:3)
  A rat skeleton (Crypt:5)
  2 rat zombies
  5 small snakes
  A small snake skeleton (Crypt:5)
  2 ballistomycetes (D:14)
  2 fungi (Lair:3)
  4 plants
  63 toadstools
2546 creatures vanquished.

Vanquished Creatures (collateral kills)
  2 orbs of fire (Zot:5)
  Saint Roka (Shoals:5)
  A curse toe (Zot:4)
  10 greater mummies
  Mara (Snake:3)
  A Killer Klown (Zot:5)
  A golden dragon (Zot:5)
  9 Orb Guardians (Zot:5)
  Rupert (Lair:4)
  A quicksilver dragon (Vault:8)
  2 liches
  10 shadow dragons (Vault:8)
  Kirke (D:15)
  A Shadow Fiend (Crypt:5)
  A kraken (Shoals:3)
  A storm dragon (Vault:8)
  Frances (Shoals:4)
  6 sphinxes (Tomb:1)
  Francis (Snake:4)
  A Balrug (Vault:8)
  2 frost giants (Vault:8)
  Donald (Orc:3)
  A draconian scorcher (Zot:5)
  A draconian knight (Zot:5)
  A draconian annihilator (Zot:2)
  2 fire giants (Vault:8)
  An Executioner (Crypt:2)
  Gastronok (Lair:4)
  2 Green Deaths
  15 stone giants
  A tentacled monstrosity (Vault:8)
  A draconian caller (Zot:2)
  A Blue Death (Crypt:5)
  Wayne (Snake:4)
  Jozef (Orc:3)
  A mottled draconian (Zot:5)
  The ghost of Cryptic the Carver, a powerful DSAs of Kikubaaqudgha (D:12)
  A yellow draconian (Zot:3)
  A deep elf sorcerer (Vault:8)
  A vampire knight (D:21)
  A black draconian (Zot:3)
  A pale draconian (Zot:3)
  9 greater nagas (Snake:5)
  6 yaktaur captains
  5 sirens
  6 vault guards
  Norbert (D:15)
  A death cob (Zot:1)
  A dragon (Zot:1)
  Erica (D:15)
  5 mummy priests (Tomb:1)
  A hydra (Lair:7)
  An anaconda zombie (Crypt:2)
  A merfolk javelineer (Shoals:5)
  Harold (Orc:4)
  An ice dragon (Zot:5)
  An anaconda (shapeshifter) (Vault:8)
  An anaconda (Snake:4)
  Nergalle (D:16)
  A merfolk impaler (Shoals:5)
  An ogre mage (Vault:4)
  A deep elf demonologist (Vault:8)
  7 slime creatures
  12 death yaks
  6 deep trolls
  4 soul eaters
  A centaur warrior (D:15)
  A very ugly thing (Vault:7)
  A skeletal warrior (Crypt:1)
  11 shadow wraiths
  2 elves (shapeshifter)
  An elf (D:15)
  8 orc knights
  A giant orange brain (shapeshifter) (Vault:4)
  3 hell knights (D:27)
  A griffon (Lair:5)
  Erolcha (D:10)
  5 naga warriors (Snake:5)
  A giant amoeba (shapeshifter) (Vault:8)
  2 wizards (D:16)
  2 sea snakes
  An ice devil (Shoals:4)
  2 flayed ghosts (Tomb:1)
  An unseen horror (D:13)
  2 flaming corpses
  A hydra zombie (Crypt:1)
  10 harpies
  An iron troll skeleton (Vault:8)
  7 guardian serpents (Snake:5)
  7 spectral warriors
  A golden dragon simulacrum (Crypt:2)
  A cyclops (D:12)
  5 moths of wrath
  A harpy zombie (Shoals:4)
  A wolf spider zombie (Tomb:1)
  A guardian serpent zombie (Crypt:2)
  A shadow dragon simulacrum (Tomb:1)
  An elephant slug (Lair:7)
  A red wasp (Vault:4)
  2 elf zombies (Port)
  7 mimics (Snake:3)
  4 humans (D:16)
  14 black mambas
  3 orange demons
  An alligator skeleton (Tomb:1)
  A trapdoor spider (D:10)
  2 reapers
  5 hellwings
  A black mamba skeleton (Tomb:1)
  10 yaktaurs
  7 guardian mummies
  4 smoke demons
  2 spiny frogs
  4 mermaids
  14 ugly things
  A large large abomination (Vault:4)
  6 naga magi
  A spriggan skeleton (Tomb:1)
  A troll (Shoals:5)
  4 snapping turtles
  5 two-headed ogres
  A blue devil (Tomb:1)
  8 blink frogs
  A baby alligator zombie (Crypt:3)
  4 giant toads
  2 sixfirhies
  A demonic crawler (Vault:4)
  A lindwurm zombie (Crypt:2)
  4 wraiths
  29 yaks
  A viper zombie (Tomb:1)
  A shark (D:21)
  6 merfolk
  3 hogs (D:15)
  8 vampires
  A chaos spawn (Vault:4)
  3 hippogriffs
  7 hungry ghosts
  A manticore (shapeshifter) (Vault:8)
  A queen ant simulacrum (Tomb:1)
  A ynoxinul (Tomb:1)
  A giant blowfly zombie (D:10)
  4 neqoxecs
  A giant blowfly (D:20)
  2 manticores
  A war dog (Orc:3)
  5 necrophages
  2 merfolk (shapeshifter) (Vault:8)
  A komodo dragon zombie (Lair:3)
  6 ghouls
  2 hairy devils
  A phantom (Vault:4)
  A freezing wraith (Tomb:1)
  An ice beast (D:9)
  5 giant goldfish
  7 orc warriors
  A grizzly bear zombie (Tomb:1)
  A manticore skeleton (Crypt:2)
  8 ogres
  A red devil (Tomb:1)
  Menkaure (D:5)
  12 nagas
  A swamp drake (Zot:2)
  3 gila monsters
  A rotting devil (Vault:8)
  9 centaurs
  Sigmund (D:7)
  A crocodile (Lair:3)
  2 giant slugs
  18 big kobolds
  3 water moccasins
  A warg (Shoals:5)
  A two-headed ogre zombie (Tomb:1)
  A giant snail (Lair:7)
  A water moccasin zombie (Crypt:5)
  A jellyfish (Snake:4)
  3 giant frogs
  6 killer bees
  2 big kobold zombies
  A boulder beetle (Lair:7)
  An ettin simulacrum (Crypt:2)
  A killer bee zombie (D:15)
  2 wights
  A warg simulacrum (Crypt:2)
  2 hounds
  2 imps
  4 shadows
  A big kobold skeleton (Crypt:5)
  2 hound zombies (Port)
  6 big fish (D:9)
  4 orc priests
  A hound skeleton (D:4)
  An iron imp (Vault:8)
  An iguana (D:8)
  6 orc wizards
  2 scorpions
  13 orange rats
  2 giant ants
  A brain worm simulacrum (Tomb:1)
  3 human zombies
  2 jellies
  A giant beetle zombie (D:16)
  27 mummies
  14 flying skulls
  3 snakes
  5 green rats
  2 lemures
  2 shadow imps (Vault:8)
  2 sheep zombies
  A midge (Vault:8)
  A snake zombie (Port)
  A giant mosquito (Vault:4)
  A worm (D:6)
  A gnoll zombie (Tomb:1)
  21 giant bats
  A giant cockroach (Vault:4)
  19 grey rats
  3 hobgoblins
  10 jackals
  12 kobolds
  29 orcs
  2 giant geckos
  A hobgoblin zombie (Port)
  A kobold zombie (Port)
  A quokka simulacrum (Crypt:2)
  5 rats
  2 ballistomycetes (D:8)
  A plant (Lair:3)
  4 tentacles (Shoals:3)
787 creatures vanquished.

Vanquished Creatures (others)
  68 Balrugs
  79 Executioners
  A necromancer (Lair:3)
  A guardian serpent (Snake:5)
  37 orange demons
  30 slime creatures
  A black mamba skeleton (Tomb:2)
  27 smoke demons
  An iron imp (D:4)
  15 mummies
  3 grey rats (Lair:3)
  A giant mite zombie (Crypt:5)
  A jackal (Lair:1)
  An orc (D:25)
  A giant spore (D:14)
  A rat (Tomb:1)
  4 fungi
  8 plants
  10 tentacles (Shoals:3)
  622 toadstools
912 creatures vanquished.

Grand Total: 4245 creatures vanquished

Notes
Turn   | Place    | Note
--------------------------------------------------------------
     0 | D:1      | BirdoPrey, the Demonspawn Necromancer, began the quest for the Orb.
     0 | D:1      | Reached XP level 1. HP: 10/10 MP: 3/3
   221 | D:1      | Gained mutation: You are partially covered in rough black scales (AC +4, Dex -1).
   221 | D:1      | Reached XP level 2. HP: 6/15 MP: 2/4
  1008 | D:1      | Reached skill 5 in Necromancy
  1280 | D:1      | Reached XP level 3. HP: 9/21 MP: 2/6
  1285 | D:1      | Learned a level 3 spell: Vampiric Draining
  1907 | D:2      | Found a burning altar of Makhleb.
  2529 | D:3      | Reached XP level 4. HP: 13/26 MP: 2/8
  3669 | D:3      | Reached skill 1 in Armour
  3719 | D:3      | Reached skill 6 in Necromancy
  3733 | D:3      | Gained mutation: You are protected by a weak demonic guardian.
  3733 | D:3      | Gained mutation: You are partially covered in sharp spines.
  3733 | D:3      | Reached XP level 5. HP: 16/32 MP: 2/9
  3926 | D:3      | Reached skill 1 in Maces & Flails
  4180 | D:4      | Found a staircase to the Ecumenical Temple.
  4266 | Temple   | Entered the Ecumenical Temple
  4273 | Temple   | Became a worshipper of Kikubaaqudgha
  4434 | D:4      | Learned a level 4 spell: Dispel Undead
  4868 | D:4      | Found a glowing golden altar of the Shining One.
  4989 | D:5      | Entered Level 5 of the Dungeon
  4989 | D:5      | Noticed Menkaure
  4997 | D:5      | Defeated Menkaure
  4997 | D:5      | Gained mutation: You are protected by a demonic guardian.
  4997 | D:5      | Reached XP level 6. HP: 31/37 MP: 4/12
  5095 | D:5      | Found Thraopra's Magic Scroll Boutique.
  5114 | D:5      | Bought a scroll of curse weapon for 1 gold piece
  5116 | D:5      | Bought a scroll of paper for 1 gold piece
  5118 | D:5      | Bought a scroll of random uselessness for 2 gold pieces
  5245 | D:5      | Reached skill 1 in Shields
  5252 | D:5      | Reached skill 1 in Fighting
  5679 | D:6      | Found a white marble altar of Elyvilon.
  5928 | D:6      | Noticed a big kobold
  5932 | D:6      | Noticed a big kobold
  5932 | D:6      | Noticed a big kobold
  5933 | D:6      | Noticed a big kobold
  5934 | D:6      | Noticed a big kobold
  5935 | D:6      | Noticed a big kobold
  5935 | D:6      | Defeated a big kobold
  5936 | D:6      | Noticed a big kobold
  5936 | D:6      | Noticed a big kobold
  5938 | D:6      | Noticed a big kobold
  5941 | D:6      | Defeated a big kobold
  5945 | D:6      | Defeated a big kobold
  5950 | D:6      | Defeated a big kobold
  5950 | D:6      | Gained mutation: You are mostly covered in sharp spines.
  5950 | D:6      | Reached XP level 7. HP: 38/44 MP: 13/14
  5958 | D:6      | Defeated a big kobold
  5967 | D:6      | Defeated a big kobold
  5980 | D:6      | Defeated a big kobold
  5988 | D:6      | Defeated a big kobold
  6010 | D:6      | Defeated a big kobold
  6190 | D:6      | Reached skill 7 in Necromancy
  6260 | D:6      | Learned a level 3 spell: Regeneration
  6320 | D:6      | Acquired Kikubaaqudgha's first power
  6764 | D:7      | Gained mutation: You have sharp fingernails.
  6764 | D:7      | Reached XP level 8. HP: 43/51 MP: 14/18
  7043 | D:7      | Noticed Sigmund
  7045 | D:7      | Defeated Sigmund
  7062 | D:7      | Reached skill 5 in Dodging
  7432 | D:7      | Found a sand-covered staircase. 7437
                  | ossuary
                  | Entered a tomb 7440
                  | ossuary
                  | Reached skill 5 in Spellcasting 7484
                  | ossuary
                  | Reached skill 8 in Necromancy 7911
                  | ossuary
                  | Gained mutation: You are clumsy (Dex -1). 7911
                  | ossuary
                  | Lost mutation: You are clumsy (Dex -1). 7911
                  | ossuary
                  | Gained mutation: Your muscles are flexible, but weak (Str -1, Dex +1). 7912
                  | ossuary
                  | Gained mutation: Your magical capacity is low (-10% MP). 7912
                  | ossuary
                  | Gained mutation: You passively map a small area around you. 7945
                  | ossuary
                  | Reached skill 1 in Traps & Doors 8026
                  | ossuary
                  | Lost mutation: You passively map a small area around you. 8026
                  | ossuary
                  | Lost mutation: Your magical capacity is low (-10% MP). 8026
                  | ossuary
                  | Lost mutation: Your muscles are flexible, but weak (Str -1, Dex +1).
  8267 | D:7      | Gained mutation: You have very sharp fingernails.
  8267 | D:7      | Reached XP level 9. HP: 50/57 MP: 20/20
  8312 | D:7      | Acquired Kikubaaqudgha's second power
  8688 | D:8      | Found a staircase to the Orcish Mines.
  8699 | D:8      | Reached skill 5 in Maces & Flails
  9657 | D:8      | Found an iron altar of Okawaru.
  9957 | D:9      | Reached skill 9 in Necromancy
 10267 | D:9      | Gained mutation: You are completely covered in sharp spines.
 10267 | D:9      | Reached XP level 10. HP: 39/65 MP: 14/22
 10482 | D:9      | Found a glowing silver altar of Zin.
 10484 | D:9      | Noticed Blork the orc
 10493 | D:9      | Defeated Blork the orc
 10719 | D:9      | Found a viscous altar of Jiyva.
 11132 | D:9      | Received a gift from Kikubaaqudgha
 11140 | D:9      | Learned a level 5 spell: Agony
 11272 | D:10     | Entered Level 10 of the Dungeon
 11483 | D:10     | Noticed Erolcha
 11489 | D:10     | Defeated Erolcha
 11853 | D:10     | Noticed a giant slug
 11870 | D:10     | Defeated a giant slug
 11872 | D:10     | Found a staircase to the Lair.
 11872 | D:10     | Noticed a giant slug
 11887 | D:10     | Defeated a giant slug
 12098 | D:10     | Found Zinwatir's Antique Armour Emporium.
 12106 | D:10     | Bought an ancient cloak for 180 gold pieces
 12109 | D:10     | Identified the cursed +1 cloak of Virtue (You bought it in a shop on level 10 of the Dungeon)
 12110 | D:10     | Bought a distressingly furry ring mail for 270 gold pieces
 12119 | D:10     | Identified the +1 ring mail "Siovvo" (You bought it in a shop on level 10 of the Dungeon)
 12165 | D:10     | Reached skill 10 in Necromancy
 12420 | D:10     | Noticed Maurice
 12426 | D:10     | Defeated Maurice
 12508 | D:10     | Reached XP level 11. HP: 70/73 MP: 17/25
 12527 | D:10     | Reached XP level 10. HP: 68/69 MP: 18/23
 12528 | D:10     | Reached XP level 11. HP: 69/73 MP: 19/25
 12981 | Lair:1   | Entered Level 1 of the Lair of Beasts
 13032 | Lair:1   | Noticed Joseph
 13038 | Lair:1   | Defeated Joseph
 13579 | Lair:1   | Acquired Kikubaaqudgha's third power
 13579 | Lair:1   | Received a gift from Kikubaaqudgha
 13584 | Lair:1   | Learned a level 2 spell: Sublimation of Blood
 13590 | Lair:1   | Learned a level 5 spell: Borgnjor's Revivification
 14269 | Lair:2   | Reached skill 11 in Necromancy
 14312 | Lair:2   | Reached skill 5 in Shields
 14995 | Lair:3   | Acquired Kikubaaqudgha's fourth power
 15378 | Lair:3   | Reached skill 5 in Fighting
 15525 | Lair:3   | You fall through a shaft!
 15708 | Lair:5   | Got a twisted morningstar
 15709 | Lair:5   | Identified the morningstar of Eteqaat {pierce, Stlth--} (You found it on level 5 of the Lair of Beasts)
 15730 | Lair:5   | Learned a level 5 spell: Excruciating Wounds
 15896 | Lair:3   | Reached skill 10 in Dodging
 16228 | Lair:3   | Gained mutation: You have claws for hands.
 16228 | Lair:3   | Reached XP level 12. HP: 79/82 MP: 16/28
 16268 | Lair:3   | Reached skill 12 in Necromancy
 16478 | Lair:1   | Gained mutation: Your muscles are flexible, but weak (Str -1, Dex +1).
 16478 | Lair:1   | Gained mutation: You have a slow metabolism.
 16478 | Lair:1   | Gained mutation: Your system is resistant to poisons.
 16654 | Lair:4   | Found a basalt altar of Yredelemnul.
 16692 | Lair:4   | Noticed Rupert
 16733 | Lair:4   | Defeated Rupert
 16899 | Lair:4   | Noticed Gastronok
 16906 | Lair:4   | Defeated Gastronok
 17078 | Lair:4   | Reached skill 1 in Enchantments
 17363 | Lair:5   | Reached skill 10 in Spellcasting
 17510 | Lair:5   | Reached skill 1 in Stabbing
 18096 | Lair:6   | Found a staircase to the Snake Pit.
 18137 | Lair:6   | Found a staircase to the Slime Pits.
 18390 | Lair:6   | Found a staircase to the Shoals.
 19694 | Lair:7   | Reached skill 13 in Necromancy
 20267 | Lair:7   | Reached skill 1 in Evocations
 20272 | Lair:8   | Entered Level 8 of the Lair of Beasts
 20801 | Lair:8   | Got an encrusted scimitar
 20802 | Lair:8   | Identified the cursed -2,-3 scimitar of Freehold (You found it on level 8 of the Lair of Beasts)
 21073 | Lair:8   | Gained mutation: You can breathe flames.
 21073 | Lair:8   | Gained mutation: You are mostly covered in rough black scales (AC +7, Dex -2).
 21073 | Lair:8   | Reached XP level 13. HP: 87/89 MP: 15/30
 21477 | Orc:1    | Entered Level 1 of the Orcish Mines
 21493 | Orc:1    | Found Straexe's Armour Emporium.
 21724 | Orc:2    | Found a roughly hewn altar of Beogh.
 21725 | Orc:2    | Noticed Eustachio
 21735 | Orc:2    | Defeated Eustachio
 22272 | Orc:3    | Noticed Donald
 22272 | Orc:3    | Found Neys' Assorted Antiques.
 22301 | Orc:3    | Noticed Jozef
 22312 | Orc:3    | Defeated Jozef
 22326 | Orc:3    | Defeated Donald
 22485 | Orc:3    | Bought a dyed leather armour for 58 gold pieces
 22569 | Orc:3    | Found a roughly hewn altar of Beogh.
 22678 | Orc:2    | Noticed Psyche
 22684 | Orc:2    | Defeated Psyche
 23547 | Orc:4    | Entered Level 4 of the Orcish Mines
 23879 | Orc:4    | Noticed Agnes
 23889 | Orc:4    | Defeated Agnes
 24098 | Orc:4    | Noticed Harold
 24107 | Orc:4    | Defeated Harold
 24149 | Orc:4    | Noticed a stone giant
 24163 | Orc:4    | Defeated a stone giant
 24350 | Orc:4    | Found a staircase to the Elven Halls.
 24770 | Orc:3    | Noticed Grum
 24778 | Orc:3    | Defeated Grum
 25100 | Snake:1  | Entered Level 1 of the Snake Pit
 25562 | Snake:1  | Found Qeocwim's Antique Armour Emporium.
 25568 | Snake:1  | Bought an embroidered robe for 23 gold pieces
 26109 | Snake:2  | Learned a level 4 spell: See Invisible
 26546 | Snake:2  | Reached skill 14 in Necromancy
 27308 | Snake:3  | Noticed Mara
 27329 | Snake:3  | Defeated Mara
 27833 | Temple   | Identified a +4,+4 demon whip of pain (a +4,+3 demon whip of reaching bloodied by Kikubaaqudgha)
 28152 | Orc:3    | Bought a scroll of enchant weapon II for 159 gold pieces
 28280 | D:5      | Bought a scroll of enchant weapon III for 260 gold pieces
 28367 | D:5      | Learned a level 4 spell: Selective Amnesia
 29243 | Snake:3  | Reached XP level 14. HP: 87/95 MP: 32/32
 29369 | Snake:3  | Noticed Roxanne
 29684 | Snake:4  | Noticed Xtahua
 29695 | Snake:4  | Defeated Xtahua
 29819 | Snake:4  | Noticed Wayne
 29835 | Snake:4  | Defeated Wayne
 30255 | Snake:4  | Noticed Francis
 30261 | Snake:4  | Defeated Francis
 30622 | Snake:5  | Entered Level 5 of the Snake Pit
 31771 | Snake:5  | Gained mutation: You are protected by a powerful demonic guardian.
 31771 | Snake:5  | Reached XP level 15. HP: 93/101 MP: 34/34
 32180 | Snake:5  | Got a serpentine rune of Zot
 33045 | Shoals:1 | Entered Level 1 of the Shoals
 33211 | Shoals:1 | Found Mnasiq's Distillery.
 35372 | Shoals:3 | Identified a scroll of acquirement
 35373 | Shoals:3 | Got a fine glass ring
 35374 | Shoals:3 | Identified the ring "Zyappym" (You acquired it on level 3 of the Shoals)
 36956 | Shoals:3 | Learned a level 2 spell: Levitation
 37074 | Shoals:4 | Noticed Frances
 37083 | Shoals:4 | Defeated Frances
 37142 | Shoals:4 | Learned a level 2 spell: Blink
 37147 | Shoals:4 | Learned a level 4 spell: Control Teleport
 37149 | Shoals:4 | Reached skill 5 in Enchantments
 37152 | Shoals:4 | Reached skill 1 in Translocations
 37668 | Shoals:5 | Entered Level 5 of the Shoals
 37668 | Shoals:5 | Noticed Polyphemus
 38519 | D:11     | Reached skill 5 in Traps & Doors
 38719 | D:11     | Found a snail-covered altar of Cheibriados.
 38867 | D:12     | Reached XP level 16. HP: 109/109 MP: 30/35
 38986 | D:12     | Noticed Cryptic's ghost
 38991 | D:12     | Defeated Cryptic's ghost
 40775 | D:14     | Reached skill 15 in Necromancy
 40904 | D:15     | Entered Level 15 of the Dungeon
 40962 | D:15     | Learned a level 1 spell: Apportation
 40971 | D:15     | Found a staircase to the Hive.
 41185 | D:15     | Noticed Erica
 41191 | D:15     | Defeated Erica
 41196 | D:15     | Noticed Norbert
 41205 | D:15     | Defeated Norbert
 41251 | D:15     | Noticed Nikola
 41263 | D:15     | Defeated Nikola
 41432 | D:15     | Noticed Kirke
 41439 | D:15     | Defeated Kirke
 41954 | D:16     | Reached skill 10 in Fighting
 42024 | D:16     | Lost mutation: Your muscles are flexible, but weak (Str -1, Dex +1).
 42120 | D:16     | Found a portal to a secret trove of treasure.
 42122 | D:16     | You paid a toll of 1495gp to enter a treasure trove. 42123
                  | trove
                  | Entered a treasure trove 42156
                  | trove
                  | Got an encrusted great mace 42167
                  | trove
                  | Got a warped hammer 42168
                  | trove
                  | Identified the hammer "Nyzaxt" {elec, Str+2 Dex+1} (You found it in a treasure trove) 42187
                  | trove
                  | Got a smoking ankus 42188
                  | trove
                  | Identified the ankus "Cianohel" {flame, EV+3 Dex-1} (You found it in a treasure trove) 42204
                  | trove
                  | Identified the cursed -2,-3 great mace of the Revolution (You found it in a treasure trove)
 42351 | D:16     | Noticed Nergalle
 42358 | D:16     | Defeated Nergalle
 42588 | D:16     | Found a staircase to the Vaults.
 42689 | Vault:1  | Entered Level 1 of the Vaults
 43325 | Vault:1  | Reached skill 10 in Shields
 43933 | Vault:2  | Found a staircase to the Crypt.
 43946 | Vault:2  | Found Peoror's General Store.
 44141 | Crypt:1  | Entered Level 1 of the Crypt
 44975 | Crypt:1  | Gained mutation: You can breathe fire.
 44975 | Crypt:1  | Reached XP level 17. HP: 119/119 MP: 14/36
 46060 | Crypt:2  | Noticed Khufu
 46070 | Crypt:2  | Defeated Khufu
 47263 | Crypt:2  | Reached skill 16 in Necromancy
 47794 | Crypt:3  | Found a staircase to the Tomb.
 49609 | Crypt:4  | Gained mutation: You are completely covered in rough black scales (AC +10, Dex -3).
 49609 | Crypt:4  | Reached XP level 18. HP: 125/125 MP: 33/37
 49818 | Crypt:4  | Got a polished robe
 49819 | Crypt:4  | Identified the +5 robe of Monotheism (You found it on level 4 of the Crypt)
 50307 | Crypt:5  | Entered Level 5 of the Crypt
 50403 | Crypt:5  | Reached skill 17 in Necromancy
 50893 | Crypt:5  | Found an ancient bone altar of Kikubaaqudgha.
 51859 | Crypt:5  | Got an inconspicuous book
 51860 | Crypt:5  | Identified Sif Muna's Tome of Toxins (You found it on level 5 of the Crypt)
 52340 | Crypt:5  | Noticed a lich
 52349 | Crypt:5  | Defeated a lich
 53182 | Crypt:5  | Reached skill 18 in Necromancy
 53495 | Crypt:5  | Noticed a lich
 53500 | Crypt:5  | Defeated a lich
 54499 | Shoals:5 | Noticed Saint Roka
 54503 | Shoals:5 | Defeated Saint Roka
 54537 | Shoals:5 | Defeated Polyphemus
 54599 | Shoals:5 | Gained mutation: You can breathe blasts of fire.
 54599 | Shoals:5 | Reached XP level 19. HP: 70/131 MP: 28/37
 54636 | Shoals:5 | Got a twisted mace
 54637 | Shoals:5 | Identified the mace "Runiwkaz" {freeze, rN+ AC+6} (You took it off an orc on level 5 of the Shoals)
 54903 | Shoals:5 | Got a barnacled rune of Zot
 55312 | Vault:3  | Noticed Snorg
 55322 | Vault:3  | Defeated Snorg
 55694 | Vault:3  | Noticed Azrael
 55694 | Vault:3  | Noticed a fire elemental
 55709 | Vault:3  | Defeated a fire elemental
 55739 | Vault:3  | Noticed a fire elemental
 55753 | Vault:3  | Defeated a fire elemental
 55778 | Vault:3  | Defeated Azrael
 56576 | Vault:4  | Noticed Boris
 56585 | Vault:4  | Defeated Boris
 58128 | Vault:5  | Got a heavily runed robe
 58129 | Vault:5  | Identified the cursed -1 robe "Schiatt" (You found it on level 5 of the Vaults)
 59416 | Vault:6  | Noticed an earth elemental
 59426 | Vault:6  | Defeated an earth elemental
 59469 | Vault:6  | Found Relanus' Book Emporium.
 59701 | Vault:6  | Reached skill 15 in Dodging
 59737 | Vault:6  | Reached skill 10 in Maces & Flails
 59848 | Vault:6  | Found a staircase to the Hall of Blades.
 60304 | Vault:7  | Found Enli's Assorted Antiques.
 60342 | Vault:7  | Bought a scroll of enchant weapon I for 144 gold pieces
 60383 | Vault:7  | Reached XP level 20. HP: 139/139 MP: 38/38
 60460 | Vault:7  | Reached skill 19 in Necromancy
 64514 | D:20     | Found a labyrinth entrance.
 64524 | Lab      | Entered a Labyrinth
 65325 | Lab      | Got a slimy granite ring
 65344 | Lab      | Got a faintly humming ring mail
 65345 | Lab      | Identified the ring "Twiumot" (You found it in a Labyrinth)
 65347 | Lab      | Identified the +0 ring mail of Loluiz (You found it in a Labyrinth)
 65354 | D:20     | Entered Level 20 of the Dungeon
 65750 | D:20     | Got a shimmering bone ring
 66043 | D:20     | Identified the ring of Siob (You found it on level 20 of the Dungeon)
 66742 | D:21     | Found a gateway to Hell.
 67018 | D:21     | Found an ancient bone altar of Kikubaaqudgha.
 68333 | D:21     | Gained mutation: You are robust (+10% HP).
 68333 | D:21     | Reached XP level 21. HP: 116/163 MP: 17/39
 69184 | D:22     | Found a one-way gate leading to the halls of Pandemonium.
 69438 | D:23     | Found a one-way gate to the infinite horrors of the Abyss.
 69449 | D:23     | Reached skill 20 in Necromancy
 69604 | D:23     | Reached skill 5 in Stealth
 70556 | D:24     | Got a dazzling morningstar
 70557 | D:24     | Identified the +1,+5 morningstar "Feoziam" (You found it on level 24 of the Dungeon)
 70600 | D:24     | Found a flickering gateway to a bazaar. 70604
                  | bazaar
                  | Entered a bazaar 70604
                  | bazaar
                  | Found Qiserr Guumm's Food Shoppe. 70604
                  | bazaar
                  | Found Ujubbuu's Assorted Antiques. 70605
                  | bazaar
                  | Found Cuiraut's Weapon Emporium. 70605
                  | bazaar
                  | Found Bloytel's Assorted Antiques. 70638
                  | bazaar
                  | Bought a scroll of blinking for 78 gold pieces
 70681 | D:24     | Found Prizaydung's General Store.
 70691 | D:24     | Bought a potion of speed for 45 gold pieces
 70691 | D:24     | Bought a potion of heal wounds for 54 gold pieces
 70728 | D:24     | Learned a level 6 spell: Haste
 70824 | D:24     | Noticed a deep elf mage
 70827 | D:24     | Defeated a deep elf mage
 70841 | D:24     | Noticed a deep elf conjurer
 70855 | D:24     | Defeated a deep elf conjurer
 70965 | D:24     | Noticed a deep elf mage
 70969 | D:24     | Defeated a deep elf mage
 71051 | D:24     | Found Gacaqeat's Assorted Antiques.
 71060 | D:24     | Bought a scroll of blinking for 99 gold pieces
 71253 | D:24     | Noticed a deep elf conjurer
 71258 | D:24     | Defeated a deep elf conjurer
 71352 | D:25     | Entered Level 25 of the Dungeon
 72230 | D:24     | Bought a scroll of identify for 36 gold pieces
 72950 | D:26     | Reached skill 1 in Air Magic
 73566 | D:27     | Entered Level 27 of the Dungeon
 73947 | D:27     | Reached XP level 22. HP: 160/173 MP: 39/39
 74993 | Vault:8  | Entered Level 8 of the Vaults
 74993 | Vault:8  | Noticed a quicksilver dragon
 75011 | Vault:7  | Reached skill 21 in Necromancy
 75257 | Vault:7  | Reached skill 15 in Spellcasting
 75341 | Vault:8  | Noticed a deep elf demonologist
 76014 | Vault:8  | Defeated a quicksilver dragon
 76037 | Vault:8  | Defeated a deep elf demonologist
 76480 | Vault:8  | A rock troll changed into a pulsating lump
 76481 | Vault:8  | A pulsating lump shaped shifter changed into a merfolk
 76693 | Vault:8  | Reached XP level 21. HP: 119/166 MP: 39/39
 76894 | Vault:8  | Reached XP level 22. HP: 154/173 MP: 36/40
 77063 | Vault:8  | Noticed a deep elf demonologist
 77069 | Vault:8  | Defeated a deep elf demonologist
 77238 | Vault:8  | Noticed a deep elf sorcerer
 77243 | Vault:8  | Defeated a deep elf sorcerer
 77728 | Vault:8  | Got a sparkling book
 77731 | Vault:8  | Identified the Compendium of Evil Shape Shifting (You found it on level 8 of the Vaults)
 77747 | Vault:8  | Got a silver rune of Zot
 77751 | Vault:8  | Got a droning book
 77752 | Vault:8  | Identified the Incunabulum of Torrid Battle Magic (You found it on level 8 of the Vaults)
 77760 | Vault:8  | Learned a level 6 spell: Bolt of Draining
 77853 | Vault:8  | Got a graven book
 77854 | Vault:8  | Identified the Handbook of Toxins (You found it on level 8 of the Vaults)
 77860 | Vault:8  | Got a glittering tin ring
 77861 | Vault:8  | Identified the ring "Graummas" (You found it on level 8 of the Vaults)
 78140 | Vault:8  | Found Dios' Assorted Antiques.
 78145 | Vault:8  | Got a crystal amulet
 78174 | Vault:8  | Identified the amulet of Cekugob (You found it on level 8 of the Vaults)
 78211 | Vault:8  | Bought an encrusted animal skin for 196 gold pieces
 78211 | Vault:8  | Bought a scroll of identify for 74 gold pieces
 78214 | Vault:8  | Identified the +1 animal skin of the Slorg (You bought it in a shop on level 8 of the Vaults)
 78216 | Vault:8  | Bought a scroll of enchant armour for 177 gold pieces
 78364 | Vault:8  | Noticed an ancient lich
 78367 | Vault:8  | Defeated an ancient lich
 78445 | Vault:8  | Noticed a quicksilver dragon
 78450 | Vault:8  | Defeated a quicksilver dragon
 78506 | Vault:8  | Got a rare book
 78507 | Vault:8  | Identified the Volume of Frigorific Attacks (You found it on level 8 of the Vaults)
 78621 | Vault:8  | Got a wavering steel ring
 78678 | Vault:8  | Noticed a golden dragon
 78687 | Vault:8  | Defeated a golden dragon
 78698 | Vault:8  | Reached skill 1 in Staves
 78859 | Vault:8  | Got a levitating book
 78860 | Vault:8  | Identified The Lost Compendium of the Archmage (You found it on level 8 of the Vaults)
 78987 | Vault:7  | Bought a scroll of identify for 60 gold pieces
 78988 | Vault:7  | Identified the ring of Res Nullius {EV+6 Int+2} (You found it on level 8 of the Vaults)
 79404 | Lair:1   | Learned a level 6 spell: Control Undead
 79714 | Crypt:1  | Reached skill 22 in Necromancy
 79799 | Tomb:1   | Entered Level 1 of the Tomb of the Ancients
 80594 | Tomb:1   | Gained mutation: Your vision is a little blurry.
 80596 | Tomb:1   | Gained mutation: Your vision is quite blurry.
 81318 | Tomb:1   | Lost mutation: You have a slow metabolism.
 81318 | Tomb:1   | Lost mutation: Your vision is quite blurry.
 81318 | Tomb:1   | Lost mutation: Your system is resistant to poisons.
 81319 | Tomb:1   | Lost mutation: Your vision is a little blurry.
 81676 | Tomb:2   | Reached XP level 23. HP: 169/184 MP: 26/40
 81756 | Tomb:2   | Reached skill 23 in Necromancy
 83638 | Tomb:1   | Reached skill 24 in Necromancy
 84633 | Tomb:1   | Gained mutation: You are very robust (+20% HP).
 84633 | Tomb:1   | Reached XP level 24. HP: 207/207 MP: 29/41
 84749 | Tomb:1   | Reached skill 25 in Necromancy
 85891 | Tomb:3   | Entered Level 3 of the Tomb of the Ancients
 87426 | Tomb:2   | Reached skill 26 in Necromancy
 88143 | Tomb:3   | Got a golden rune of Zot
 89816 | Tomb:3   | Got a blackened book
 89817 | Tomb:3   | Identified the Papyrus of Bewitching Weightlessness (You found it on level 3 of the Tomb of the Ancients)
 90113 | Tomb:3   | Got a black robe
 90816 | Tomb:1   | Reached skill 27 in Necromancy
 91170 | Lair:1   | Learned a level 2 spell: Blink
 91836 | Zot:1    | Entered Level 1 of the Realm of Zot
 92271 | Zot:1    | Reached XP level 25. HP: 208/214 MP: 42/42
 93300 | Zot:1    | Noticed an orb of fire
 93300 | Zot:1    | Gained mutation: You have sharp toenails.
 93320 | Zot:1    | Gained mutation: Your vision is a little blurry.
 93324 | Zot:1    | Defeated an orb of fire
 93325 | Zot:1    | Lost mutation: Your vision is a little blurry.
 93325 | Zot:1    | Lost mutation: You have sharp toenails.
 94719 | Zot:5    | Entered Level 5 of the Realm of Zot
 95051 | Zot:5    | Noticed an orb of fire
 95107 | Zot:5    | Defeated an orb of fire
 95124 | Zot:5    | Gained mutation: You are extremely robust (+30% HP).
 95124 | Zot:5    | Reached XP level 26. HP: 229/237 MP: 43/43
 95209 | Zot:5    | Noticed an orb of fire
 95221 | Zot:5    | Defeated an orb of fire
 95256 | Zot:5    | Noticed an orb of fire
 95259 | Zot:5    | Got the Orb of Zot
 95263 | Zot:5    | Gained mutation: You are weak (Str -1).
 95265 | Zot:5    | Noticed an ancient lich
 95266 | Zot:5    | Noticed an orb of fire
 95267 | Zot:5    | Noticed an ancient lich
 95267 | Zot:5    | Gained mutation: You are clumsy (Dex -1).
 95268 | Zot:5    | Defeated an orb of fire
 95268 | Zot:5    | Gained mutation: Your body is slowly deteriorating.
 95269 | Zot:5    | Gained mutation: Your body is deteriorating.
 95270 | Zot:5    | Noticed an orb of fire
 95271 | Zot:5    | Noticed Hehal the pandemonium lord
 95391 | D:27     | Noticed Jucsois the pandemonium lord
 95586 | D:15     | Gained mutation: Armour fits poorly on your unusually shaped body.
 95650 | D:10     | Gained mutation: Your vision is a little blurry.
 95755 | D:2      | Gained mutation: You are dopey (Int -1).
 95811 | D:$      | Escaped with the Orb!
